 Dungeon Crawl Stone Soup version 0.28-a0-769-g550dbda0cd (webtiles) character file.

Game seed: 15111758449663886527

56 funkygono the Firebug (level 3, -3/19 HPs)
             Began as a Gargoyle Fire Elementalist on Nov 1, 2021.
             Slain by Terence (6 damage)
             ... on level 3 of the Dungeon.
             The game lasted 00:02:44 (2063 turns).

funkygono the Firebug (Gargoyle Fire Elementalist)  Turns: 2063, Time: 00:02:46

Health: -3/19      AC:  5    Str: 11    XL:     3   Next: 95%
Magic:  0/7        EV: 12    Int: 16    God:
Gold:   36         SH:  0    Dex: 10    Spells: 1/7 levels left

rFire   . . .      SeeInvis .   b - +0 mace
rCold   . . .      Faith    .   (no shield)
rNeg    + . .      Spirit   .   a - +0 robe
rPois   ∞          Reflect  .   (no helmet)
rElec   +          Harm     .   (no cloak)
rCorr   .          Rampage  .   (no gloves)
Will    .....                   (no boots)
Stlth   ++........              (no amulet)
HPRegen 0.06/turn               (no ring)
MPRegen 0.10/turn               (no ring)

@: no status effects
A: sickness immunity, AC +3, negative energy resistance 1, electricity
resistance, torment resistance 1, petrification resistance
a: no special abilities


You were on level 3 of the Dungeon.
You visited 1 branch of the dungeon, and saw 3 of its levels.

You collected 36 gold pieces.

Inventory:

Hand Weapons
 b - a +0 mace (weapon)
Missiles
 j - 26 stones
Armour
 a - a +0 robe (worn)
 l - a +0 scale mail
Wands
 i - a wand of acid (9)
Scrolls
 c - a scroll of teleportation {unknown}
 e - 2 scrolls of identify {unknown}
 h - a scroll of enchant armour {unknown}
Potions
 d - 2 potions of curing {unknown}
 f - a potion of degeneration {unknown}
 g - a potion of heal wounds {unknown}
 k - a potion of attraction {unknown}
 m - 2 potions of might {unknown}


   Skills:
 + Level 1.6 Dodging
 - Level 2.1 Stealth
 * Level 2.8 Spellcasting
 * Level 2.2 Conjurations
 * Level 3.5 Fire Magic


You had one spell level left.
You knew the following spells:

 Your Spells              Type           Power      Damage    Failure   Level
a - Foxfire               Conj/Fire      44%        2x1d6     6%          1
b - Scorch                Fire           26%        2d6       7%          2
c - Conjure Flame         Conj/Fire      11%        6-21      17%         3

Your spell library contained the following spells:

 Spells                   Type           Power      Damage    Failure   Level
 Inner Flame              Hex/Fire       8%         N/A       26%         3
 Flame Wave               Conj/Fire      11%        3d4       50%         4


Dungeon Overview and Level Annotations

Branches:
Dungeon (3/15)

Altars:

Shops:
D:2 !

Annotations:
D:3 Terence


Innate Abilities, Weirdness & Mutations

You are immune to sickness and miasma.
Your stone body is resilient. (AC +3)
You are immune to poison.
You resist negative energy. (rN+)
You are resistant to electric shocks. (rElec)
You are resistant to unholy torment.
You are immune to petrification.


Message History

Unknown command.
You barely miss the bat.
The foxfire hits the bat.
The bat is severely wounded.
The foxfire hits the bat.
You kill the bat!
Casting: Foxfire (safe; 6% risk of failure)
Confirm with . or Enter, or press ? or * to list all spells.
You conjure some foxfire!
Terence barely misses you.
Unknown command.
You hit Terence.
Terence is moderately wounded.
The foxfire hits Terence.
Terence is moderately wounded.
The foxfire hits Terence.
Terence is heavily wounded.
Terence closely misses you. Terence hits you with a +1 vorpal mace.
Casting: Foxfire (safe; 6% risk of failure)
Confirm with . or Enter, or press ? or * to list all spells.
You conjure some foxfire!
Terence hits you with a +1 vorpal mace.
Unknown command.
You completely miss Terence.
Terence is heavily wounded.
The foxfire hits Terence but does no damage.
Terence is heavily wounded.
The foxfire hits Terence but does no damage.
Terence is heavily wounded.
Terence hits you with a +1 vorpal mace.
* * * LOW HITPOINT WARNING * * *
Casting: Foxfire (safe; 6% risk of failure)
Confirm with . or Enter, or press ? or * to list all spells.
You conjure some foxfire!
Terence hits you with a +1 vorpal mace.
* * * LOW HITPOINT WARNING * * *
x2 You barely miss Terence.
Terence is heavily wounded.
The foxfire hits Terence but does no damage.
Terence is heavily wounded.
The foxfire hits Terence but does no damage.
Terence is heavily wounded.
Terence hits you with a +1 vorpal mace.
You die...

### #######..
#.#####........
#.......####..#
####@#######
#...@...######
#.##§#........
#.<#.#........
#..#.#.#######
#..#.#.#
#..#.#.#
#..#.#.#
#..#.#.# #..#
#.#


You could see Terence.

Vanquished Creatures
  An adder (D:3)
  A worm (D:2)
  2 endoplasms
  A giant cockroach (D:1)
  4 goblins
  5 hobgoblins
  3 jackals (D:1)
  2 kobolds
  3 quokkas
  8 ball pythons
  5 bats
  3 frilled lizards (D:1)
38 creatures vanquished.

Vanquished Creatures (others)
  121 foxfires
121 creatures vanquished.

Grand Total: 159 creatures vanquished

Notes
Turn   | Place    | Note
-------+----------+-------------------------------------------
     0 | D:1      | funkygono the Gargoyle Fire Elementalist began the quest
                  | for the Orb.
     0 | D:1      | Reached XP level 1. HP: 10/10 MP: 3/3
   374 | D:1      | Reached XP level 2. HP: 15/15 MP: 0/5
   377 | D:1      | Learned a level 2 spell: Scorch
   869 | D:1      | Reached XP level 3. HP: 19/19 MP: 4/6
   873 | D:1      | Learned a level 3 spell: Conjure Flame
  1516 | D:2      | Found a faded altar of an unknown god.
  1952 | D:2      | Found Edalaydu's Distillery.
  2039 | D:3      | Noticed Terence
  2063 | D:3      | Slain by Terence

Illustrated notes

Levels and vault maps discovered:
D:1:      minmay_arrival_four_circles, layout_basic
D:2:      layout_basic, serial_shops, shop, shapermc_ecumenical_altar_venn,
          st_stairs_7, minmay_misc_feat_x, grunt_decor_cap
D:3:      minmay_razor_zed, layout_basic, uniq_terence

Skill      XL: |  1  2  3 |
---------------+----------+-----
Conjurations   | 2 |  2.2
Dodging        | |  1.6
Stealth        | |  2.1
Spellcasting   | |  2.8
Fire Magic     | |  3.5

Action                   || total
-------------------------++-------
Melee: Mace              ||    19
 Cast: Foxfire           ||    72
Armor: Robe              ||     8
Dodge: Dodged            ||    17

Table legend: (Time is in decaauts)
 A = Elapsed time spent in this place.
 B = Non-inter-level travel time spent in this place.
 C = Inter-level travel time spent in this place.
 D = Time resting spent in this place.
 E = Time spent auto-exploring this place.
 F = Levels seen in this place.
 G = Mean time per level.
                   A        B        C        D        E       F      G
               +--------+--------+--------+--------+--------+-----+--------+
         Total |   2069 |   2012 |     57 |     47 |   1677 |   3 |  689.7 |
       Dungeon |   2069 |   2012 |     57 |     47 |   1677 |   3 |  689.7 |
               +--------+--------+--------+--------+--------+-----+--------+

Top non-repeatable levels by time:
     D:1: 1155 daAuts
     D:2: 841 daAuts
     D:3: 72 daAuts
